 Dungeon Crawl Stone Soup version 0.31.0-9-g3a7656b989 (webtiles) character file.

Game seed: 9202522910686627213

6668 groovy9 the Thaumaturge (level 11, 82/82 HPs)
             Began as a Djinni Conjurer on Jan 24, 2024.
             Was an Elder of Makhleb.
             Quit the game on level 9 of the Dungeon on Jan 25, 2024.
             The game lasted 00:29:11 (8004 turns).

groovy9 the Thaumaturge (Djinni Conjurer)           Turns: 8004, Time: 00:29:11

Health: 82/82      AC:  8    Str:  6    XL:     11   Next: 22%
Gold:   459        EV: 16    Int: 24    God:    Makhleb [****..] SH:  7 Dex: 21

rFire   + + .        G - staff of alchemy
rCold   x . .        y - +0 buckler
rNeg    . . .        a - +1 troll leather armour
rPois   ∞            h - +2 helmet {SInv}
rElec   .            (no cloak)
rCorr   .            i - +0 pair of gloves {Dex+3}
SInv    +            (boots unavailable)
Will    +....        (no amulet)
Stlth   ++           d - +6 ring of dexterity
HPRegen 1.13/turn    v - +5 ring of evasion
MPRegen 0.00/turn

%: no passive effects
@: flying
A: sickness immunity, fire resistance 2, cold vulnerability 1, float, innate
caster, HP casting, extra vitality 1
a: Renounce Religion, Minor Destruction, Lesser Servant of Makhleb, Major
Destruction


You were on level 9 of the Dungeon.
You worshipped Makhleb.
Makhleb was greatly pleased with you.
You visited 2 branches of the dungeon, and saw 10 of its levels.

You collected 525 gold pieces.
You spent 66 gold pieces at shops.

Inventory:

Armour
 a - a +1 troll leather armour (worn)
 h - a +2 helmet of see invisible (worn)
 i - a +0 pair of gloves of dexterity (worn)
 y - a +0 buckler (worn)
 z - a +0 kite shield
 D - a +2 leather armour of willpower
Magical Staves
 B - a staff of death
 G - a staff of alchemy (weapon)
Jewellery
 d - a +6 ring of dexterity (left hand)
 v - a +5 ring of evasion (right hand)
Wands
 u - a wand of flame (7)
 w - a wand of digging (6)
 C - a wand of charming (6)
Scrolls
 e - a scroll of teleportation
 j - 2 scrolls of enchant weapon
 m - a scroll of fear
 p - 3 scrolls of poison
Potions
 b - 3 potions of heal wounds
 c - 2 potions of ambrosia
 f - a potion of might {unknown}
 g - 3 potions of brilliance
 k - a potion of curing {unknown}
 o - 2 potions of attraction {unknown}
 q - 3 potions of haste
 s - 2 potions of mutation {unknown}
 E - a potion of enlightenment {unknown}


   Skills:
 + Level 8.6 Fighting
 - Level 2.1 Dodging
 - Level 1.5 Stealth
 + Level 6.8 Shields
 * Level 10.2 Spellcasting
 * Level 10.2 Conjurations
 * Level 10.2 Hexes
 * Level 10.2 Summonings
 * Level 10.2 Necromancy
 * Level 10.2 Translocations
 * Level 10.2 Fire Magic
 * Level 10.2 Ice Magic
 * Level 10.2 Air Magic
 * Level 10.2 Earth Magic
 * Level 10.2 Alchemy


You knew the following spells:

 Your Spells              Type           Power      Damage    Failure   Level
a - Magic Dart            Conj           100%       1d8       1%          1
b - Searing Ray           Conj           100%       2d8       1%          2
c - Fulminant Prism       Conj/Alch      37%        3d17      1%          4
d - Iskenderun's Mystic   Conj/Tloc      57%        2d12      1%          4
e - Apportation           Tloc           100%       N/A       1%          1
f - Jinxbite              Hex            100%       N/A       1%          2
g - Stone Arrow           Conj/Erth      100%       3d13      1%          3
h - Dimensional Bullseye  Hex/Tloc       28%        N/A       1%          4
i - Summon Forest         Summ/Tloc      28%        N/A       5%          5
Your spell library was empty.

Dungeon Overview and Level Annotations

Branches:
Dungeon (9/15)             Temple (1/1) D:4            Lair (0/5) D:8
    Orc: D:9-12

Altars:
Ashenzari
Cheibriados
Dithmenos
Elyvilon
Fedhas
Gozag
Makhleb
Nemelex Xobeh
Okawaru
Qazlal
Ru
Trog
Uskayaw
Wu Jian
Xom
Yredelemnul
Zin
The Shining One

Shops:
D:1 !   D:6 (   D:7 *


Innate Abilities, Weirdness & Mutations

You are immune to sickness and miasma.
You are immune to poison.
Your flesh is very heat resistant. (rF++)
You are vulnerable to cold. (rC-)
You float through the air rather than walking.
You learn spells naturally, not from books.
Your magical power is your life essence.
You have superior vitality. (+4 MHP)


Message History

You now have 436 gold pieces (gained 10).
Found a stone staircase leading up.
You now have 459 gold pieces (gained 23).
Found a stone staircase leading down.
There is a stone staircase leading up here.
A jelly comes into view.
A jelly is nearby!
The magic dart hits the jelly!
The jelly is heavily wounded.
The magic dart hits the jelly.
The jelly is heavily wounded.
The magic dart hits the jelly!
The jelly is almost dead.
Casting: Magic Dart (safe; 1% risk of failure)
Confirm with . or Enter, or press ? or * to list all spells.
Aiming: Stone Arrow (safe; 1% risk of failure)
Press: ? - help, Shift-Dir - straight line, f/p - jelly
Aim: a jelly (almost dead, 100% to hit)
The stone arrow hits the jelly!!
You kill the jelly!
Makhleb accepts your kill.
You feel better.
Things that are here:
a +0 robe; a +0 dagger; an orc skeleton You see here a book of Sloth.
p - 3 scrolls of poison (gained 1) Done exploring.
Search for what [Enter for "."]? .
Search for what [Enter for "."]? amul Search for what [Enter for "amul", or ? for help]? cloak Can't find anything matching that.
Unknown command.
There is a stone staircase leading down here.
You fly downwards.
There is a stone staircase leading up here.
Saving game... please wait.
Welcome back, groovy9 the Djinni Conjurer.
Blood and souls for Makhleb!
Press ? for a list of commands and other information.
Are you sure you want to abandon this character and quit the game? (Confirm with "yes".)

#########
#........
#@# #.#
#.# #$#
#.# #.#
#.# #.#


There were no monsters in sight!

Vanquished Creatures
  The ghost of MysticSailboat the Zephyrmancer, a novice TeAE of Vehumet (D:7)
  Grinder (D:6)
  3 wyverns
  5 yaks (D:8)
  Eustachio (D:4)
  A fire elemental (D:7)
  3 fire bats (D:7)
  Menkaure (D:4)
  A steam dragon (D:8)
  3 water moccasins (D:8)
  Duvessa (D:6)
  2 orc warriors (D:8)
  2 sky beasts
  A black bear (D:8)
  2 centaurs
  An ogre (D:6)
  A kobold brigand (D:8)
  2 phantoms
  A bullfrog (D:7)
  3 scorpions
  5 gnoll sergeants (D:6)
  5 wights (D:8)
  Dowan (D:6)
  A killer bee (D:4)
  A howler monkey (D:8)
  4 jellies
  A bombardier beetle (D:6)
  4 orc priests
  3 gnoll boudas (D:6)
  8 hounds
  2 sleepcaps
  Terence (D:2)
  8 orc wizards
  Natasha (thrice) (D:2)
  4 iguanas
  Robin (D:2)
  8 adders
  20 gnolls (D:6)
  2 shadow imps (D:7)
  2 white imps (D:6)
  A ribbon worm (D:4)
  37 orcs
  7 endoplasms
  9 giant cockroaches
  20 goblins
  8 hobgoblins
  14 jackals
  2 quokkas
  13 ball pythons
  3 bats
  3 frilled lizards
  13 kobolds
  4 rats
254 creatures vanquished.

Vanquished Creatures (collateral kills)
  A sky beast (D:8)
  An orc (D:8)
2 creatures vanquished.

Vanquished Creatures (others)
  2 fulminant prisms
2 creatures vanquished.

Grand Total: 258 creatures vanquished

Notes
Turn   | Place    | Note
-------+----------+-------------------------------------------
     0 | D:1      | groovy9 the Djinni Conjurer began the quest for the Orb.
     0 | D:1      | groovy9 set off with the following spells memorised: Magic
                  | Dart, Searing Ray, Fulminant Prism, Iskenderun's Mystic
                  | Blast.
     0 | D:1      | Reached XP level 1. HP: 15/15 MP: 0/0
   156 | D:1      | Reached XP level 2. HP: 20/22 MP: 0/0
   278 | D:1      | Reached skill level 1 in Fighting
   450 | D:1      | Found Jolocvaa's Distillery.
   468 | D:1      | Reached XP level 3. HP: 22/27 MP: 0/0
   468 | D:1      | Learned a level 1 spell: Apportation
   635 | D:2      | Noticed Natasha
   644 | D:2      | Killed Natasha
   645 | D:2      | Reached XP level 4. HP: 26/32 MP: 0/0
   789 | D:2      | Noticed Robin
   801 | D:2      | Killed Robin
   897 | D:2      | Noticed Natasha
   900 | D:2      | Killed Natasha
   901 | D:2      | Reached XP level 5. HP: 32/38 MP: 0/0
   901 | D:2      | Learned a level 2 spell: Jinxbite
   971 | D:2      | Noticed Terence
   978 | D:2      | Killed Terence
  1071 | D:2      | Noticed Natasha
  1077 | D:2      | Killed Natasha
  1233 | D:2      | Reached skill level 5 in Spellcasting
  1233 | D:2      | Reached skill level 5 in Conjurations
  1233 | D:2      | Reached skill level 5 in Hexes
  1233 | D:2      | Reached skill level 5 in Summonings
  1233 | D:2      | Reached skill level 5 in Necromancy
  1233 | D:2      | Reached skill level 5 in Translocations
  1233 | D:2      | Reached skill level 5 in Fire Magic
  1233 | D:2      | Reached skill level 5 in Ice Magic
  1233 | D:2      | Reached skill level 5 in Air Magic
  1233 | D:2      | Reached skill level 5 in Earth Magic
  1233 | D:2      | Reached skill level 5 in Alchemy
  1237 | D:2      | Reached XP level 6. HP: 36/45 MP: 0/0
  1644 | D:3      | Found a faded altar of an unknown god.
  1646 | D:3      | Noticed a glass eye
  1646 | D:3      | Noticed a glass eye
  1647 | D:3      | Noticed a shining eye
  1647 | D:3      | Noticed a great orb of eyes
  1719 | D:3      | Identified the +0 scale mail of Restlessness {Dex+4 SInv}
  1942 | D:3      | Found a sacrificial altar of Ru.
  1943 | D:3      | Found a bloodstained altar of Trog.
  2411 | D:4      | Found a staircase to the Ecumenical Temple.
  2426 | Temple   | Entered the Ecumenical Temple
  2433 | Temple   | Became a worshipper of Makhleb the Destroyer
  2559 | D:4      | You are sucked into a shaft and drop 1 floor!
  2559 | D:5      | Entered Level 5 of the Dungeon
  2586 | D:5      | Noticed a sky beast
  2602 | D:5      | Killed a sky beast
  2603 | D:5      | Reached XP level 7. HP: 16/50 MP: 0/0
  2603 | D:5      | Learned a level 3 spell: Stone Arrow
  3262 | D:4      | Noticed Menkaure
  3265 | D:4      | Killed Menkaure
  3266 | D:4      | Reached XP level 8. HP: 24/58 MP: 0/0
  3288 | D:4      | Reached * piety under Makhleb
  3717 | D:4      | Noticed Eustachio
  3735 | D:4      | Killed Eustachio
  3895 | D:4      | Found a basalt altar of Yredelemnul.
  4219 | D:5      | Reached skill level 5 in Fighting
  4386 | D:5      | Reached skill level 1 in Shields
  4688 | D:6      | Noticed Dowan
  4692 | D:6      | Noticed a wyvern
  4695 | D:6      | Noticed Duvessa
  4844 | D:6      | Reached XP level 9. HP: 60/65 MP: 0/0
  4844 | D:6      | Learned a level 4 spell: Dimensional Bullseye
  5015 | D:6      | Found Naukiott's Antique Weapon Shoppe.
  5245 | D:6      | Killed Duvessa
  5250 | D:6      | Killed Dowan
  5297 | D:6      | Reached ** piety under Makhleb
  5454 | D:6      | Noticed Grinder
  5468 | D:6      | Paralysed by Grinder for 3 turns
  5473 | D:6      | Killed Grinder
  5896 | D:6      | Found a hide-covered altar of Uskayaw.
  6066 | D:6      | Reached XP level 10. HP: 70/73 MP: 0/0
  6366 | D:7      | Found a transporter.
  6583 | D:7      | Noticed MysticSailboat's ghost (novice TeAE)
  6583 | D:7      | Found a runed translucent door.
  6872 | D:7      | Reached *** piety under Makhleb
  7007 | D:7      | Found Bacoexia's CLEARANCE SALE!.
  7013 | D:7      | Bought a +1 troll leather armour for 66 gold pieces
  7138 | D:7      | Reached skill level 5 in Shields
  7308 | D:7      | Found a transporter.
  7461 | D:7      | Identified the +1 halberd "Inuf" {drain, Int+3 Dex+3}
  7538 | D:7      | Killed MysticSailboat's ghost
  7663 | D:8      | Reached XP level 11. HP: 69/81 MP: 0/0
  7663 | D:8      | Learned a level 5 spell: Summon Forest
  7673 | D:8      | Reached skill level 10 in Spellcasting
  7673 | D:8      | Reached skill level 10 in Conjurations
  7673 | D:8      | Reached skill level 10 in Hexes
  7673 | D:8      | Reached skill level 10 in Summonings
  7673 | D:8      | Reached skill level 10 in Necromancy
  7673 | D:8      | Reached skill level 10 in Translocations
  7673 | D:8      | Reached skill level 10 in Fire Magic
  7673 | D:8      | Reached skill level 10 in Ice Magic
  7673 | D:8      | Reached skill level 10 in Air Magic
  7673 | D:8      | Reached skill level 10 in Earth Magic
  7673 | D:8      | Reached skill level 10 in Alchemy
  7727 | D:8      | Found a stormy altar of Qazlal.
  7730 | D:8      | Found a snail-covered altar of Cheibriados.
  7764 | D:8      | Reached **** piety under Makhleb
  7788 | D:8      | Found a staircase to the Lair.
  8004 | D:9      | Quit the game

Illustrated notes

Levels and vault maps discovered:
D:1:      minmay_arrival_wavy_path, layout_rooms, serial_shops,
          nicolae_shop_just_a_little_nook, minmay_pentomino_v4
D:2:      layout_rooms, minmay_cut_off, uniq_terence, uniq_robin, uniq_natasha
D:3:      layout_loops_cross, nicolae_overflow_two_pavilions,
          hellmonk_ecumenical_altar_watching_god
D:4:      minmay_recursive_quarters, layout_rooms,
          lemuel_coloured_pillars_altar, minmay_temple_entry_offerings,
          hangedman_decor_slide_cut, uniq_eustachio, uniq_menkaure
D:5:      layout_rooms, minmay_puff
D:6:      layout_cave_pools, mainiacjoe_overflow_concentric_impassable,
          serial_gnoll_camp, gnoll_camp_mini_shop, gnoll_camp_mini_hut,
          gnoll_camp_mini_doghouse, gnoll_camp_mini_basic, gnoll_camp_mini_hut,
          gnoll_camp_huts_basic, st_stairs_7, grunt_ministairs_14, uniq_grinder,
          uniq_duvessa
D:7:      gammafunk_cloud_chamber, layout_gridville, gammafunk_ghost_grave,
          nicolae_shop_clearance
D:8:      layout_rooms, grunt_temple_overflow_open, minmay_lair_entry_grove
D:9:      layout_loops_ring, mainiacjoe_overflow_chevrons
Temple:   nicolae_temple_superstar

Skill      XL: |  1  2  3  4  5  6  7  8  9 10 11 |
---------------+----------------------------------+-----
Fighting       | 1 2 3 4 5 6 8 |  8.6
Spellcasting   | 4 5 6 7 8 9 10 | 10.2
Conjurations   | 4 5 6 7 8 9 10 | 10.2
Hexes          | 4 5 6 7 8 9 10 | 10.2
Summonings     | 4 5 6 7 8 9 10 | 10.2
Necromancy     | 4 5 6 7 8 9 10 | 10.2
Translocations | 4 5 6 7 8 9 10 | 10.2
Fire Magic     | 4 5 6 7 8 9 10 | 10.2
Ice Magic      | 4 5 6 7 8 9 10 | 10.2
Air Magic      | 4 5 6 7 8 9 10 | 10.2
Earth Magic    | 4 5 6 7 8 9 10 | 10.2
Alchemy        | 4 5 6 7 8 9 10 | 10.2
Shields        | 2 4 6 |  6.8
Dodging        | |  2.1
Stealth        | |  1.5

Action                     |  1- 3 |  4- 6 |  7- 9 | 10-12 || total
---------------------------+-------+-------+-------+-------++-------
   Cast: Magic Dart        |    44 |    70 |    83 |    54 ||   251
         Searing Ray       |     1 |    24 |     5 |       ||    30
         Iskenderun's Myst |       |     8 |    34 |    35 ||    77
         Stone Arrow       |       |       |    79 |    52 ||   131
         Fulminant Prism   |       |       |     1 |     1 ||     2
         Summon Forest     |       |       |       |     1 ||     1
    Use: Scroll            |       |       |       |    16 ||    16
         Potion            |       |       |       |     1 ||     1
 Armour: Robe              |       |    11 |    11 |       ||    22
         Leather armour    |       |       |     8 |     2 ||    10
         Troll leather arm |       |       |       |     8 ||     8
  Dodge: Dodged            |     1 |    12 |    11 |     8 ||    32
  Block: Buckler           |       |       |       |     2 ||     2
